 Dungeon Crawl Stone Soup version 0.23.2-1-ga50397a (webtiles) character file.

Game seed: 5742999089983862601

396 keltmir the Charmwright (level 6, 0/51 HPs)
             Began as a Gnoll Skald on May 17, 2019.
             Slain by a worm (11 damage)
             ... on level 4 of the Dungeon.
             The game lasted 00:09:10 (2869 turns).

keltmir the Charmwright (Gnoll Skald)               Turns: 2869, Time: 00:09:11

Health: 0/51       AC:  3    Str: 15    XL:     6   Next: 82%
Magic:  11/14      EV: 14    Int: 15    God:
Gold:   174        SH:  0    Dex: 15    Spells: 11/15 levels left

rFire    . . .     SeeInvis .   a - +0 spear
rCold    . . .     Gourm    .   (no shield)
rNeg     . . .     Faith    .   b - +0 leather armour
rPois    .         Spirit   .   (no helmet)
rElec    .         Reflect  .   (no cloak)
rCorr    .         Harm     .   (no gloves)
MR       .....                  (no boots)
Stlth    ++........             (no amulet)
HPRegen  0.17/turn              (no ring)
MPRegen  0.14/turn              (no ring)

@: no status effects
A: distributed training, fangs 1, strong nose
a: no special abilities


You were on level 4 of the Dungeon.
You were hungry.

You visited 1 branch of the dungeon, and saw 4 of its levels.

You collected 174 gold pieces.

Inventory:

Hand Weapons
 a - a +0 spear (weapon)
Missiles
 j - 11 poisoned needles
 s - 8 tomahawks (quivered)
Armour
 b - a +0 leather armour (worn)
 c - a +1 hat
Jewellery
 l - a +3 ring of protection {unknown}
Scrolls
 g - a scroll of random uselessness {unknown}
 k - a scroll of remove curse {unknown}
 m - a scroll of fear {unknown}
 o - 2 scrolls of identify
 p - 2 scrolls of enchant weapon {unknown}
Potions
 e - 4 potions of heal wounds
 h - a potion of curing
 i - a potion of agility
 r - a potion of brilliance
Comestibles
 d - 10 rations
 n - a chunk of flesh


   Skills:
 + Level 5.0 Fighting
 + Level 2.1 Short Blades
 + Level 2.1 Long Blades
 + Level 2.1 Axes
 + Level 2.1 Maces & Flails
 + Level 5.0 Polearms
 + Level 2.1 Staves
 + Level 2.1 Slings
 + Level 2.1 Bows
 + Level 2.1 Crossbows
 + Level 2.1 Throwing
 + Level 3.3 Armour
 + Level 5.0 Dodging
 + Level 2.1 Stealth
 + Level 2.1 Shields
 + Level 2.1 Unarmed Combat
 + Level 5.4 Spellcasting
 + Level 1.6 Conjurations
 + Level 1.6 Hexes
 + Level 5.7 Charms
 + Level 1.6 Summonings
 + Level 1.6 Necromancy
 + Level 1.6 Translocations
 + Level 1.6 Transmutations
 + Level 1.6 Fire Magic
 + Level 1.6 Ice Magic
 + Level 1.6 Air Magic
 + Level 1.6 Earth Magic
 + Level 1.6 Poison Magic
 + Level 2.3 Invocations
 + Level 2.1 Evocations


You had 11 spell levels left.
You knew the following spells:

 Your Spells              Type           Power        Failure   Level  Hunger
a - Infusion              Chrm           ###.         1%          1    None
b - Spectral Weapon       Hex/Chrm       ###.....     13%         3    ###....

Your spell library contained the following spells:

 Spells                   Type           Power        Failure   Level  Hunger
 Song of Slaying          Chrm           ###.....     2%          2    #......
 Shroud of Golubria       Chrm/Tloc      ###.......   6%          2    #......
 Regeneration             Chrm/Necr      ###.......   13%         3    ###....


Dungeon Overview and Level Annotations

Branches:
Dungeon (4/15)
 Temple: D:4-7

Altars:
Gozag
Makhleb
Qazlal
Vehumet
Xom

Portals:
Sewer: D:4


Innate Abilities, Weirdness & Mutations

Your experience applies equally to all skills.
You have very sharp teeth.
Your uncanny sense of smell can sniff out nearby items.


Message History

You barely miss the orc priest.
The orc priest is almost dead.
Your spectral weapon closely misses the orc priest.
The orc priest hits you with a +0 short sword.
* * * LOW HITPOINT WARNING * * *
You closely miss the orc priest.
The orc priest is almost dead.
Your spectral weapon hits the orc priest from afar.
You kill the orc priest!
You barely miss the worm.
Your spectral weapon hits the worm but does no damage.
You hit the worm.
The worm is lightly wounded.
Your spectral weapon hits the worm from afar.
The worm bites you but does no damage.
You hit the worm.
The worm is heavily wounded.
Your spectral weapon hits the worm from afar.
The worm bites you!
You die...

#.... .. #.#<#.# #. ..#.....
#.#.#.# #. #.......####
###.#.#.# #. ..#...#.o..
..#.#.#.######. ..≈≈≈≈≈...#
#.#.#.#........ #≈≈≈≈≈≈≈#.#
#.#.#.......##.
≈≈≈≈≈≈≈≈≈.#####.#.#.......##.
.≈≈≈∩≈≈≈...#@(............##.
≈≈≈≈≈≈≈≈...w).............##.
#≈≈≈≈≈≈≈#.##%.............##.
..≈≈≈≈≈...##..............##.
..#...#..###.).......#######.
#........# #......(..# #.
......?#.# #.........# ##
##.#.#(#.# #...........
#.#.#.#.# ####.#.######


You could see a worm and a friendly spectral +0 spear.

Vanquished Creatures
  A hound (D:3)
  3 orc priests
  2 orc wizards
  Natasha (thrice) (D:2)
  A worker ant (D:4)
  3 adders
  2 oozes
  2 worms
  2 dart slugs
  A leopard gecko (D:3)
  9 orcs
  2 giant cockroaches
  12 goblins
  6 hobgoblins
  4 jackals (D:1)
  2 quokkas
  A ball python (D:1)
  8 bats
  2 frilled lizards
  6 kobolds
  10 rats
82 creatures vanquished.

Vanquished Creatures (others)
  An orc (D:4)
  A quokka (D:4)
  A spectral weapon (D:3)
3 creatures vanquished.

Grand Total: 85 creatures vanquished

Notes
Turn   | Place    | Note
-------+----------+-------------------------------------------
     0 | D:1      | keltmir the Gnoll Skald began the quest for the Orb.
     0 | D:1      | Reached XP level 1. HP: 20/20 MP: 6/6
   114 | D:1      | Reached XP level 2. HP: 26/26 MP: 2/7
   288 | D:1      | Reached XP level 3. HP: 31/31 MP: 9/9
   293 | D:1      | Learned a level 3 spell: Spectral Weapon
   311 | D:1      | Reached skill level 5 in Spellcasting
   664 | D:2      | Reached skill level 1 in Invocations
   788 | D:2      | Noticed Natasha
   794 | D:2      | Killed Natasha
   794 | D:2      | Reached skill level 1 in Short Blades
   794 | D:2      | Reached skill level 1 in Long Blades
   794 | D:2      | Reached skill level 1 in Axes
   794 | D:2      | Reached skill level 1 in Maces & Flails
   794 | D:2      | Reached skill level 1 in Staves
   794 | D:2      | Reached skill level 1 in Slings
   794 | D:2      | Reached skill level 1 in Bows
   794 | D:2      | Reached skill level 1 in Crossbows
   794 | D:2      | Reached skill level 1 in Throwing
   794 | D:2      | Reached skill level 1 in Stealth
   794 | D:2      | Reached skill level 1 in Shields
   794 | D:2      | Reached skill level 1 in Unarmed Combat
   794 | D:2      | Reached skill level 1 in Evocations
   794 | D:2      | Reached XP level 4. HP: 33/38 MP: 2/11
   847 | D:2      | Noticed Natasha
   860 | D:2      | Killed Natasha
   860 | D:2      | Reached skill level 1 in Conjurations
   860 | D:2      | Reached skill level 1 in Hexes
   860 | D:2      | Reached skill level 1 in Summonings
   860 | D:2      | Reached skill level 1 in Necromancy
   860 | D:2      | Reached skill level 1 in Translocations
   860 | D:2      | Reached skill level 1 in Transmutations
   860 | D:2      | Reached skill level 1 in Fire Magic
   860 | D:2      | Reached skill level 1 in Ice Magic
   860 | D:2      | Reached skill level 1 in Air Magic
   860 | D:2      | Reached skill level 1 in Earth Magic
   860 | D:2      | Reached skill level 1 in Poison Magic
  1037 | D:2      | Found an opulent altar of Gozag.
  1037 | D:2      | Found a radiant altar of Vehumet.
  1037 | D:2      | Found a stormy altar of Qazlal.
  1037 | D:2      | Found a shimmering altar of Xom.
  1061 | D:2      | Reached XP level 5. HP: 43/43 MP: 12/12
  1305 | D:2      | Noticed Natasha
  1317 | D:2      | Killed Natasha
  1996 | D:3      | Found a burning altar of Makhleb.
  2248 | D:3      | Reached XP level 6. HP: 25/50 MP: 8/13
  2822 | D:4      | Reached skill level 5 in Fighting
  2822 | D:4      | Reached skill level 5 in Polearms
  2822 | D:4      | Reached skill level 5 in Dodging
  2825 | D:4      | Found a glowing drain.
  2869 | D:4      | Slain by a worm

Skill      XL: |  1  2  3  4  5  6 |
---------------+-------------------+-----
Spellcasting   | 5 |  5.4
Invocations    | 1 2 |  2.3
Short Blades   | 1 2 |  2.1
Long Blades    | 1 2 |  2.1
Axes           | 1 2 |  2.1
Maces & Flails | 1 2 |  2.1
Staves         | 1 2 |  2.1
Slings         | 1 2 |  2.1
Bows           | 1 2 |  2.1
Crossbows      | 1 2 |  2.1
Throwing       | 1 2 |  2.1
Stealth        | 1 2 |  2.1
Shields        | 1 2 |  2.1
Unarmed Combat | 1 2 |  2.1
Evocations     | 1 2 |  2.1
Conjurations   | 1 |  1.6
Hexes          | 1 |  1.6
Summonings     | 1 |  1.6
Necromancy     | 1 |  1.6
Translocations | 1 |  1.6
Transmutations | 1 |  1.6
Fire Magic     | 1 |  1.6
Ice Magic      | 1 |  1.6
Air Magic      | 1 |  1.6
Earth Magic    | 1 |  1.6
Poison Magic   | 1 |  1.6
Armour         | 3 |  3.3
Fighting       | 5 |  5.0
Polearms       | 5 |  5.0
Dodging        | 5 |  5.0
Charms         | |  5.7

Action                   |  1- 3 |  4- 6 || total
-------------------------+-------+-------++-------
Melee: Spear             |    92 |   194 ||   286
       Bite              |     6 |    15 ||    21
       Punch             |       |     2 ||     2
 Cast: Infusion          |     9 |     2 ||    11
       Spectral Weapon   |     3 |    15 ||    18
  Use: Scroll            |     3 |     2 ||     5
 Stab: Sleeping          |     1 |     1 ||     2
  Eat: Chunk             |       |     7 ||     7
Armor: Leather armour    |    11 |    24 ||    35
Dodge: Dodged            |    37 |    75 ||   112
